 Dungeon Crawl Stone Soup version 0.22.0-27-ga576289 (webtiles) character file.

106250 Hobbes the Arsonist (level 15, -3/136 HPs)
             Began as a Pale Draconian Fire Elementalist on Aug 20, 2018.
             Was the Champion of Vehumet.
             Slain by an anaconda (6 damage)
             ... on level 1 of the Snake Pit on Aug 21, 2018.
             The game lasted 02:05:04 (40092 turns).

Hobbes the Arsonist (DrFE)                         Turns: 40092, Time: 02:05:04

Health: -3/136     AC: 14    Str:  6    XL:     15   Next: 97%
Magic:  14/41      EV: 13    Int: 21    God:    Vehumet [******]
Gold:   520        SH:  4    Dex: 15    Spells: 5/40 levels left

rFire    + + .     SeeInvis .   a - staff of fire
rCold    . . .     Gourm    .   (no shield)
rNeg     + . .     Faith    .   (armour unavailable)
rPois    +         Spirit   .   e - +1 hat "Loahynif" {rPois Dex+3}
rElec    .         Reflect  +   W - scarf {cloud immunity}
rCorr    +         Harm     .   u - +2 pair of gloves
MR       +....                  F - +0 pair of boots of the Locust {rPois rN+ Regen+ rCorr Str-5}
Stlth    ++........             H - +4 amulet of reflection
HPRegen  0.72/turn              v - ring of magical power
MPRegen  0.27/turn              N - ring of protection from fire

@: short of breath, constricted
A: breathe steam, unfitting armour, cold-blooded, AC +9
a: Breathe Steam, Renounce Religion


You were on level 1 of the Snake Pit.
You worshipped Vehumet.
Vehumet was exalted by your worship.
You were hungry.

You visited 5 branches of the dungeon, and saw 25 of its levels.
You also visited: Labyrinth.

You collected 1978 gold pieces.
You spent 1458 gold pieces at shops.

Inventory:

Hand Weapons
 b - the +8 rapier of Parts Unknown {drain, rC+ Int+3}
   (You found it on level 7 of the Dungeon)

   A truly terrible weapon, it drains the life of those it strikes.
   It affects your intelligence (+3).
   It protects you from cold.
Missiles
 B - 4 throwing nets (quivered)
Armour
 e - the +1 hat "Loahynif" (worn) {rPois Dex+3}
   (You bought it in a shop on level 2 of the Orcish Mines)

   It affects your dexterity (+3).
   It protects you from poison.
 u - a +2 pair of gloves (worn)
 F - the +0 pair of boots of the Locust (worn) {rPois rN+ Regen+ rCorr Str-5}
   (You found it on level 6 of the Lair of Beasts)

   It affects your strength (-5).
   It protects you from poison.
   It protects you from negative energy.
   It increases your rate of regeneration.
   It provides partial protection from all sources of acid and corrosion.
 W - a scarf of cloud immunity (worn)
Magical Staves
 a - an uncursed staff of fire (weapon)
 I - an uncursed staff of conjuration
 Q - an uncursed staff of wizardry
 X - an uncursed staff of energy
Jewellery
 h - an uncursed ring of positive energy
 v - a ring of magical power (left hand)
 H - a +4 amulet of reflection (around neck)
 N - a ring of protection from fire (right hand)
Wands
 j - a wand of flame (25)
 m - a wand of clouds (1)
 w - a wand of acid (4)
 D - a wand of digging (11)
 O - a wand of disintegration (15)
 T - a wand of iceblast (8)
 Z - a wand of scattershot (16)
Scrolls
 i - 5 scrolls of fear
 l - a scroll of torment {unknown}
 n - 5 scrolls of remove curse
 r - 4 scrolls of enchant armour
 t - 3 scrolls of fog
 x - 5 scrolls of teleportation
 z - 12 scrolls of amnesia
 A - 2 scrolls of blinking
 G - 3 scrolls of magic mapping
 Y - a scroll of holy word
Potions
 d - 5 potions of heal wounds
 f - 2 potions of berserk rage
 g - 3 potions of lignification
 k - a potion of haste
 o - 2 potions of mutation
 p - a potion of agility
 q - 3 potions of curing
 E - 4 potions of cancellation
 J - 3 potions of ambrosia
 L - a potion of invisibility
 P - a potion of might {unknown}
 S - 3 potions of brilliance {unknown}
 V - 2 potions of resistance {unknown}
Miscellaneous
 s - a box of beasts
 K - a crystal ball of energy
 R - a phial of floods
Comestibles
 C - 47 rations


   Skills:
 + Level 13.3 Fighting
 - Level 7.0 Dodging
 - Level 1.7 Stealth
 + Level 13.1 Spellcasting
 - Level 12.0 Conjurations
 - Level 5.0 Charms
 + Level 13.6 Fire Magic
 + Level 9.8 Air Magic
 - Level 6.5 Evocations


You had 5 spell levels left.
You knew the following spells:

 Your Spells              Type           Power        Failure   Level  Hunger
a - Flame Tongue          Conj/Fire      #####        1%          1    None
b - Throw Flame           Conj/Fire      ######       1%          2    None
c - Conjure Flame         Conj/Fire      #######.     1%          3    None
d - Sticky Flame          Conj/Fire      #######.     1%          4    None
e - Shock                 Conj/Air       ####         1%          1    None
f - Fireball              Conj/Fire      #######...   1%          5    ####...
g - Freeze                Ice            ##..         1%          1    None
h - Regeneration          Chrm/Necr      ###.......   4%          3    None
i - Airstrike             Air            ######....   1%          4    None
j - Inner Flame           Hex/Fire       ######..     1%          3    None
k - Poisonous Vapours     Pois/Air       ####..       1%          2    None
l - Bolt of Fire          Conj/Fire      #######...   1%          6    #####..

Your spell library contained the following spells:

 Spells                   Type           Power        Failure   Level  Hunger
 Magic Dart               Conj           ####         1%          1    None
 Sting                    Conj/Pois      ####         1%          1    None
 Searing Ray              Conj           ######       1%          2    None
 Dazzling Spray           Conj/Hex       #####.       1%          3    None
 Mephitic Cloud           Conj/Pois/Air  #####...     1%          3    None
 Force Lance              Conj/Tloc      #####...     1%          4    None
 Fulminant Prism          Conj/Hex       #####.....   1%          4    None
 Iskenderun's Mystic Bla  Conj           ######..     1%          4    None
 Venom Bolt               Conj/Pois      #####.....   3%          5    ####...
 Animate Skeleton         Necr           N/A          4%          1    None
 Apportation              Tloc           ##....       4%          1    None
 Confusing Touch          Hex            ##....       4%          1    None
 Corona                   Hex            ##.....      4%          1    None
 Pain                     Necr           ##..         4%          1    None
 Summon Butterflies       Summ           ##......     4%          1    None
 Summon Small Mammal      Summ           ##..         4%          1    None
 Slow                     Hex            ##......     7%          2    None
 Olgreb's Toxic Radiance  Pois           ##......     13%         4    None
 Lesser Beckoning         Tloc           ##........   14%         3    None
 Portal Projectile        Hex/Tloc       ##....       14%         3    None
 Tukima's Dance           Hex            ##......     14%         3    None
 Vampiric Draining        Necr           ##........   14%         3    None
 Animate Dead             Necr           N/A          43%         4    None
 Cause Fear               Hex            ##........   43%         4    None
 Leda's Liquefaction      Hex/Erth       ##........   43%         4    None
 Alistair's Intoxication  Tmut/Pois      ##......     78%         5    ####...
 Invisibility             Hex            ##......     100%        6    #####..


Dungeon Overview and Level Annotations

Branches:
Dungeon (15/15)            Temple (1/1) D:5            Lair (6/6) D:10
 Shoals (0/4) Lair:3        Snake (1/4) Lair:2        Slime (0/5) Lair:6
    Orc (2/2) D:12            Elf (0/3) Orc:2        Vaults (0/5) D:13
 Depths (0/5) D:15

Altars:
Ashenzari
Cheibriados
Dithmenos
Elyvilon
Fedhas
Gozag
Hepliaklqana
Kikubaaqudgha
Makhleb
Nemelex Xobeh
Okawaru
Qazlal
Ru
Sif Muna
Trog
Uskayaw
Vehumet
Wu Jian
Xom
Yredelemnul
Zin
The Shining One
Beogh

Shops:
D:5 !=   D:6 [   D:9 ?   D:13 *   Orc:2 [[[}

Portals:
Trove: D:11 (give 4 scrolls of blinking)

Annotations:
D:3 exclusion: oklob plant
D:11 1 runed door, maximusg's ghost, journeyman MiBe
D:13 3 runed doors


Innate Abilities, Weirdness & Mutations

You can breathe blasts of scalding, opaque steam.
Your pale cyan-grey scales are hard. (AC +9)
You cannot fit into any form of body armour.
You are cold-blooded and may be slowed by cold attacks.


Message History

The anaconda is covered in liquid flames!
The anaconda burns!
The anaconda is engulfed in blazing flames.
You block the anaconda's attack.
The anaconda bites you but does no damage.
The anaconda is engulfed in blazing flames.
The anaconda grabs you. The anaconda bites you!
* * * LOW HITPOINT WARNING * * *
x2 The anaconda constricts you.
All of the chunks of flesh in your inventory have rotted away.
You barely miss the anaconda.
The anaconda is severely wounded.
The anaconda burns!
The anaconda is engulfed in blazing flames.
The anaconda bites you!!
* * * LOW HITPOINT WARNING * * *
x2 The anaconda constricts you.
The anaconda is engulfed in blazing flames.
The anaconda bites you.
You die...

# +### ##.#...
#.#...# #.#...# ..
#@#.8.# ... #S#...#
..
....#S#...#.#....
....##.ยงยง..##....
.....##.#+##.....
....S...........
.?............#
....#.........# ...
###.......###


You could see an anaconda (burning) and a black mamba.

Vanquished Creatures
  Rupert (Orc:2)
  2 orc warlords (Orc:2)
  A minotaur (Lab)
  Azrael (Orc:2)
  A fire dragon (Lair:6)
  A yaktaur captain (D:15)
  Josephine (Orc:1)
  A vault guard (D:13)
  4 hydras
  Harold (D:7)
  6 centaur warriors
  An anaconda (Snake:1)
  A rakshasa (D:15)
  An ogre mage (D:15)
  13 two-headed ogres
  3 tengu warriors (D:13)
  Urug (Orc:2)
  4 orc high priests (Orc:2)
  A shock serpent (Lair:2)
  An unseen horror (D:15)
  3 wizards (D:13)
  A necromancer (D:13)
  6 orc knights
  A swamp dragon (Lair:6)
  5 ugly things
  2 deep elf magi
  4 orc sorcerers (Orc:2)
  2 oklob plants
  7 manticores
  2 centaur zombies
  4 cyclopes
  5 black mambas
  An ice statue (D:15)
  3 gargoyles
  6 komodo dragons
  A freezing wraith (D:15)
  16 spiny frogs
  3 rime drakes
  3 meliai (D:15)
  9 trolls
  10 polar bears
  A raiju (Lair:6)
  2 hornets
  5 slime creatures (D:15)
  16 blink frogs
  9 hippogriffs
  Sigmund (D:3)
  29 yaks
  3 shadows
  4 wyverns
  2 fire elementals (Orc:2)
  A vampire (D:9)
  6 wraiths
  5 basilisks
  21 humans
  3 vampire mosquitoes (D:15)
  9 wargs
  3 nagas (Lair:2)
  Menkaure (D:7)
  A two-headed ogre zombie (D:12)
  2 acid dragons
  19 water moccasins
  A soldier ant (D:13)
  8 porcupines
  Duvessa (D:4)
  16 hell hounds
  51 orc warriors
  5 swamp drakes (Lair:6)
  3 sky beasts
  13 black bears
  3 ice beasts
  7 necrophages
  22 ogres
  3 phantoms
  13 wolves (Lair:6)
  23 centaurs
  12 crocodiles
  A big kobold (D:14)
  19 bullfrogs
  A gnoll sergeant (D:11)
  An earth elemental (Lab)
  A wyvern skeleton (D:12)
  8 scorpions
  Dowan (D:4)
  7 wights
  A troll zombie (D:12)
  14 killer bees
  A howler monkey (D:9)
  5 electric eels
  5 crimson imps
  4 jellies
  39 orc priests
  8 hounds
  Crazy Yiuf (D:7)
  22 orc wizards
  4 centaur skeletons
  9 iguanas
  10 worker ants
  6 ogre zombies (D:12)
  2 hound zombies (D:6)
  A hound skeleton (D:4)
  9 gnolls
  12 adders
  3 shadow imps
  2 oozes (D:1)
  2 adder zombies
  4 worms
  2 dart slugs
  3 leopard geckos
  122 orcs
  2 giant cockroaches (D:1)
  8 hobgoblins
  12 jackals
  6 kobolds
  5 quokkas
  2 ball pythons
  5 bats
  4 frilled lizards
  7 goblins
  2 goblin skeletons (D:12)
  A goblin zombie (D:12)
  5 hobgoblin zombies (D:12)
  A jackal skeleton (D:5)
  7 orc skeletons
  10 orc zombies (D:12)
  A quokka skeleton (D:2)
  2 quokka zombies
  9 rats
  A bush (Lair:5)
  A plant (Lair:6)
885 creatures vanquished.

Vanquished Creatures (others)
  A centaur warrior (D:15)
  A necromancer (D:13)
  An orc knight (D:15)
  2 bushes (D:10)
  12 fungi
  42 plants
59 creatures vanquished.

Grand Total: 944 creatures vanquished

Notes
Turn   | Place    | Note
-------+----------+-------------------------------------------
     0 | D:1      | Hobbes the Draconian Fire Elementalist began the quest for the Orb.
     0 | D:1      | Reached XP level 1. HP: 14/14 MP: 3/3
   189 | D:1      | Reached XP level 2. HP: 11/22 MP: 3/5
   693 | D:1      | Reached skill level 1 in Fighting
  1157 | D:1      | Reached XP level 3. HP: 28/28 MP: 6/6
  1764 | D:2      | Reached XP level 4. HP: 29/36 MP: 5/7
  1982 | D:2      | Found a faded altar of an unknown god.
  2684 | D:3      | Found a blossoming altar of Fedhas.
  2695 | D:3      | Noticed an oklob plant
  3195 | D:3      | Reached XP level 5. HP: 34/42 MP: 9/9
  3505 | D:3      | Noticed Sigmund
  4097 | D:3      | Killed Sigmund
  4097 | D:3      | Reached XP level 6. HP: 51/51 MP: 9/11
  4865 | D:4      | Learned a level 2 spell: Throw Flame
  4869 | D:4      | Learned a level 3 spell: Conjure Flame
  4874 | D:4      | Learned a level 4 spell: Sticky Flame
  4893 | D:4      | Your scales start taking on a pale cyan-grey colour.
  4893 | D:4      | Reached skill level 5 in Fire Magic
  4893 | D:4      | Reached XP level 7. HP: 44/58 MP: 12/12
  5053 | D:4      | Noticed Duvessa
  5066 | D:4      | Noticed Dowan
  5069 | D:4      | Killed Dowan
  5075 | D:4      | Killed Duvessa
  5859 | D:5      | Entered Level 5 of the Dungeon
  5893 | D:5      | Found a staircase to the Ecumenical Temple.
  6034 | Temple   | Entered the Ecumenical Temple
  6211 | Temple   | Became a worshipper of Vehumet
  6296 | D:5      | Reached XP level 8. HP: 50/67 MP: 2/15
  6441 | D:5      | Found Plog's Distillery.
  6525 | D:5      | Reached skill level 5 in Fighting
  6527 | D:5      | Found Biomat's Jewellery Emporium.
  6530 | D:5      | Bought an uncursed ring of magical power for 200 gold pieces
  7066 | D:5      | Reached skill level 5 in Spellcasting
  7066 | D:5      | Reached skill level 5 in Conjurations
  7260 | D:6      | Reached * piety under Vehumet
  7260 | D:6      | Offered knowledge of Shock by Vehumet.
  7414 | D:6      | Learned a level 1 spell: Shock
  7420 | D:6      | Learned a level 5 spell: Fireball
  7463 | D:6      | Found Yjeicet's Antique Armour Shoppe.
  7834 | D:6      | Reached XP level 9. HP: 74/75 MP: 17/17
  8194 | D:7      | Noticed Harold
  8216 | D:7      | Killed Harold
  8825 | D:7      | Noticed Menkaure
  8829 | D:7      | Killed Menkaure
  8852 | D:7      | Got a polished rapier
  9077 | D:7      | Identified the +8 rapier of Parts Unknown {drain, rC+ Int+3} (You found it on level 7 of the Dungeon)
  9267 | D:7      | Found a white marble altar of Elyvilon.
  9601 | D:7      | Found a shadowy altar of Dithmenos.
  9601 | D:7      | Found a shattered altar of Ashenzari.
  9618 | D:7      | Found a runed door.
  9622 | D:7      | Noticed Crazy Yiuf
  9626 | D:7      | Killed Crazy Yiuf
  9626 | D:7      | Reached XP level 10. HP: 88/88 MP: 20/20
  9731 | D:8      | Reached ** piety under Vehumet
  9732 | D:8      | Offered knowledge of Freeze by Vehumet.
  9785 | D:8      | Learned a level 1 spell: Freeze
 10139 | D:9      | Noticed a two-headed ogre
 10150 | D:9      | Killed a two-headed ogre
 10403 | D:9      | Found a blossoming altar of Fedhas.
 10403 | D:9      | Found a burning altar of Makhleb.
 10684 | D:9      | Noticed a two-headed ogre
 10703 | D:9      | Killed a two-headed ogre
 10888 | D:9      | Found Quoxiduxt's Magic Scroll Boutique.
 10895 | D:9      | Bought a scroll of noise for 12 gold pieces
 10895 | D:9      | Bought a scroll of teleportation for 36 gold pieces
 11066 | D:9      | Found an iron altar of Okawaru.
 11080 | D:9      | Reached skill level 1 in Air Magic
 11560 | D:10     | Entered Level 10 of the Dungeon
 11795 | D:10     | Offered knowledge of Static Discharge by Vehumet.
 12226 | D:10     | Reached XP level 11. HP: 80/97 MP: 23/23
 12236 | D:10     | Reached *** piety under Vehumet
 12425 | D:10     | Found a staircase to the Lair.
 12460 | D:10     | Offered knowledge of Dazzling Spray by Vehumet.
 13152 | Lair:1   | Entered Level 1 of the Lair of Beasts
 13504 | Lair:1   | Reached skill level 10 in Fighting
 13589 | Lair:1   | Reached **** piety under Vehumet
 14216 | Lair:1   | Reached skill level 5 in Air Magic
 14599 | Lair:1   | Offered knowledge of Lee's Rapid Deconstruction by Vehumet.
 15390 | Lair:2   | Found a staircase to the Snake Pit.
 15830 | Lair:3   | Reached skill level 1 in Evocations
 16119 | Lair:3   | Reached XP level 12. HP: 107/107 MP: 25/25
 16665 | Lair:3   | Found a staircase to the Shoals.
 16754 | Lair:3   | Reached skill level 10 in Conjurations
 17193 | Lair:4   | Found a labyrinth entrance.
 17251 | Lab      | Entered a labyrinth
 18158 | Lab      | Noticed a minotaur
 18178 | Lab      | Killed a minotaur
 18843 | Lair:4   | Noticed a seven-headed hydra
 18878 | Lair:4   | Killed a seven-headed hydra
 19699 | Lair:5   | Reached skill level 10 in Spellcasting
 19977 | Lair:5   | Reached skill level 5 in Evocations
 20483 | Lair:5   | Reached skill level 5 in Dodging
 20536 | Lair:5   | Learned a level 3 spell: Regeneration
 20969 | Lair:6   | Entered Level 6 of the Lair of Beasts
 21412 | D:11     | Found a portal to a secret trove of treasure.
 21451 | D:11     | Reached ***** piety under Vehumet
 21452 | D:11     | Offered knowledge of Bolt of Cold by Vehumet.
 21582 | D:11     | Reached skill level 1 in Charms
 21582 | D:11     | Reached XP level 13. HP: 107/114 MP: 27/27
 21861 | D:11     | Found a runed door.
 21861 | D:11     | Noticed maximusg's ghost (journeyman MiBe)
 23510 | D:12     | Found a shattered altar of Ashenzari.
 23964 | D:12     | Found a staircase to the Orcish Mines.
 24119 | Orc:1    | Entered Level 1 of the Orcish Mines
 24499 | Orc:2    | Entered Level 2 of the Orcish Mines
 24499 | Orc:2    | Noticed Urug
 24669 | Orc:2    | Killed Urug
 24671 | Orc:2    | Noticed Rupert
 24696 | Orc:2    | Paralysed by Rupert for 5 turns
 24701 | Orc:2    | Killed Rupert
 24701 | Orc:2    | Reached skill level 10 in Fire Magic
 25061 | Orc:1    | Found a roughly hewn altar of Beogh.
 25129 | Orc:1    | Noticed Josephine
 25141 | Orc:1    | Killed Josephine
 25554 | Orc:2    | Noticed Azrael
 25563 | Orc:2    | Killed Azrael
 26139 | Orc:2    | Offered knowledge of Airstrike by Vehumet.
 26187 | Orc:2    | Learned a level 4 spell: Airstrike
 26195 | Orc:2    | Found Salud's Antique Armour Shoppe.
 26240 | Orc:2    | Bought a slimy hat for 243 gold pieces
 26240 | Orc:2    | Bought a glowing scarf for 216 gold pieces
 26245 | Orc:2    | Identified the +1 hat "Loahynif" {rPois Dex+3} (You bought it in a shop on level 2 of the Orcish Mines)
 26261 | Orc:2    | Found Fuciz's Antique Armour Emporium.
 26299 | Orc:2    | Found a roughly hewn altar of Beogh.
 26936 | Orc:2    | Noticed an orc warlord
 26954 | Orc:2    | Killed an orc warlord
 27650 | Orc:2    | Reached XP level 14. HP: 116/122 MP: 29/29
 27697 | Orc:2    | Learned a level 3 spell: Inner Flame
 27697 | Orc:2    | Upgraded the game from 0.22.0-25-g7663229 to 0.22.0-27-ga576289
 27972 | Orc:2    | Found a staircase to the Elven Halls.
 28538 | Orc:2    | Noticed an orc warlord
 28568 | Orc:2    | Killed an orc warlord
 29014 | Orc:2    | Found a roughly hewn altar of Beogh.
 29066 | Orc:2    | Found Eskugumo's Antique Armour Shoppe.
 29194 | Orc:2    | Found Muleed's Gadget Boutique.
 29354 | Orc:2    | Bought a pair of slimy boots for 275 gold pieces
 29354 | Orc:2    | Bought a pair of jewelled gloves for 275 gold pieces
 29359 | Orc:2    | Identified the +0 pair of boots "Leplan" {rPois Regen+} (You bought it in a shop on level 2 of the Orcish Mines)
 29369 | Orc:2    | Identified the cursed +0 pair of gloves of Intuition {Str+5 Int-4} (You bought it in a shop on level 2 of the Orcish Mines)
 30120 | Lair:6   | Found a staircase to the Slime Pits.
 30136 | Lair:6   | Offered knowledge of Iron Shot by Vehumet.
 31477 | Lair:6   | Reached skill level 5 in Charms
 32947 | Lair:6   | Got a pair of smoking boots
 33202 | Lair:6   | Reached ****** piety under Vehumet
 33355 | Lair:6   | Identified the +0 pair of boots of the Locust {rPois rN+ Regen+ rCorr Str-5} (You found it on level 6 of the Lair of Beasts)
 33911 | D:13     | Reached XP level 15. HP: 132/132 MP: 16/31
 33919 | D:13     | Offered knowledge of Venom Bolt by Vehumet.
 34250 | D:13     | Found a gate to the Vaults.
 34427 | D:13     | Found Wack's Assorted Antiques.
 34620 | D:13     | Bought a scroll of amnesia for 108 gold pieces
 34620 | D:13     | Bought a potion of curing for 93 gold pieces
 35080 | D:13     | Found a runed gate.
 35080 | D:13     | Found a runed gate.
 35082 | D:13     | Found a runed gate.
 35381 | D:14     | Found a shadowy altar of Dithmenos.
 36156 | D:14     | Offered knowledge of Ozocubu's Refrigeration by Vehumet.
 36737 | D:14     | Got an ancient rapier {vamp}
 36738 | D:14     | Identified the +8 rapier of Resourcefulness {vamp, MR+ Str+7 Int-5 Stlth-} (You took it off a kobold on level 14 of the Dungeon)
 36951 | D:15     | Entered Level 15 of the Dungeon
 37074 | D:15     | Found an opulent altar of Gozag.
 37113 | D:15     | Found the +27 Lear's hauberk
 37352 | D:14     | Learned a level 2 spell: Poisonous Vapours
 38108 | D:15     | HP: 3/135 [meliai/war axe (4)]
 38977 | D:15     | Found a staircase to the Depths.
 39015 | D:15     | Offered knowledge of Bolt of Fire by Vehumet.
 39142 | D:15     | Learned a level 6 spell: Bolt of Fire
 39970 | Snake:1  | Entered Level 1 of the Snake Pit
 40092 | Snake:1  | HP: 5/136 [anaconda (20)]
 40092 | Snake:1  | Slain by an anaconda

Skill      XL: |  1  2  3  4  5  6  7  8  9 10 11 12 13 14 15 |
---------------+----------------------------------------------+-----
Fighting       | 1 2 3 4 6 7 9 10 12 13 | 13.3
Conjurations   | 2 3 4 5 7 8 9 10 11 12 | 12.0
Spellcasting   | 3 4 5 6 8 9 10 11 12 13 | 13.1
Fire Magic     | 4 5 6 7 8 9 10 12 13 | 13.6
Air Magic      | 2 6 7 9 |  9.8
Dodging        | 2 5 7 |  7.0
Evocations     | 1 5 6 |  6.5
Charms         | 1 2 5 |  5.0
Stealth        | |  1.7

Action                   |  1- 3 |  4- 6 |  7- 9 | 10-12 | 13-15 || total
-------------------------+-------+-------+-------+-------+-------++-------
Melee: Unarmed           |    43 |       |       |       |       ||    43
       Tailslap          |    12 |    10 |    20 |    19 |    33 ||    94
       Short sword       |    61 |    43 |       |       |       ||   104
       Dagger            |       |    41 |   119 |       |       ||   160
       Mace              |       |       |    41 |       |       ||    41
       Rapier            |       |       |    17 |   215 |   194 ||   426
       Staff             |       |       |       |     6 |    90 ||    96
 Cast: Flame Tongue      |    25 |    49 |    56 |    76 |       ||   206
       Throw Flame       |       |       |     4 |   115 |   802 ||   921
       Sticky Flame      |       |       |    25 |   102 |   208 ||   335
       Fireball          |       |       |       |    14 |    61 ||    75
       Conjure Flame     |       |       |       |       |    23 ||    23
       Shock             |       |       |       |       |     9 ||     9
       Freeze            |       |       |       |       |    72 ||    72
       Airstrike         |       |       |       |       |    18 ||    18
       Regeneration      |       |       |       |       |     1 ||     1
       Bolt of Fire      |       |       |       |       |    12 ||    12
 Abil: Breathe Steam     |       |       |    23 |    49 |    76 ||   148
Evoke: Wand              |       |     4 |       |       |     7 ||    11
       Phial of floods   |       |       |       |       |     1 ||     1
       Phantom mirror    |       |       |       |       |     1 ||     1
  Use: Scroll            |       |       |    12 |    14 |    12 ||    38
       Potion            |       |       |       |     5 |     9 ||    14
 Stab: Sleeping          |     3 |       |     6 |     7 |       ||    16
       Distracted        |       |       |       |       |     1 ||     1
  Eat: Chunk             |     3 |    10 |    17 |    38 |    77 ||   145
       Ration            |       |       |     1 |     4 |     1 ||     6
Armor: Skin              |    38 |    32 |    83 |   132 |   233 ||   518
Dodge: Dodged            |    76 |    69 |   158 |   186 |   598 ||  1087
Block: Other             |       |       |       |    23 |   151 ||   174
       Reflection        |       |       |       |       |    18 ||    18
